 Dungeon Crawl Stone Soup version 0.31-a0-165-g3f4f80340b (webtiles) character file.

Game seed: 3626644641683789884

4651 qw the Skirmisher (level 10, -10/64 HPs)
             Began as a Gargoyle Hunter on June 13, 2023.
             Was a Believer of Okawaru.
             Mangled by a yak (13 damage)
             ... on level 8 of the Dungeon.
             The game lasted 00:02:54 (6486 turns).

qw the Skirmisher (Gargoyle Hunter)                 Turns: 6486, Time: 00:02:54

Health: -10/64     AC: 17    Str: 16    XL:     10   Next: 43%
Magic:  12/13      EV: 15    Int:  9    God:    Okawaru [**....]
Gold:   75         SH:  0    Dex: 17    Spells: 9/9 levels left

rFire   . . .        Y - +3 shortbow (flame)
rCold   . . .        (shield currently unavailable)
rNeg    + . .        b - +0 ring mail {Will+}
rPois   inf          i - +0 helmet
rElec   +            j - scarf {repulsion}
rCorr   .            k - +0 pair of gloves
SInv    +            (no boots)
Will    +....        a - amulet of the acrobat
Stlth   +++          p - ring of see invisible
HPRegen 0.30/turn    (no ring)
MPRegen 0.13/turn

%: repel missiles, acrobat
@: heroic
A: sickness immunity, AC +7, negative energy resistance 1, electricity
resistance, torment resistance 1, petrification resistance
a: Renounce Religion, Heroism


You were on level 8 of the Dungeon.
You worshipped Okawaru.
Okawaru was pleased with you.
You visited 1 branch of the dungeon, and saw 8 of its levels.

You collected 450 gold pieces.
You spent 375 gold pieces at shops.


Innate Abilities, Weirdness & Mutations

You are immune to sickness and miasma.
Your stone body is resilient. (AC +7)
You are immune to poison.
You resist negative energy. (rN+)
You are resistant to electric shocks. (rElec)
You are resistant to unholy torment.
You are immune to petrification.


   Skills:
 - Level 8.0(13.0) Fighting
 + Level 12.1(17.1) Ranged Weapons
 - Level 4.2(9.2) Armour
 - Level 3.0(8.0) Dodging
 - Level 1.1(6.1) Stealth
 - Level 4.2 Invocations


You had 9 spell levels left.
You didn't know any spells.
Your spell library was empty.

Inventory:

Hand Weapons
 Y - a +3 shortbow of flaming (weapon)
Armour
 b - a +0 ring mail of willpower (worn)
 i - a +0 helmet (worn)
 j - a scarf of repulsion (worn)
 k - a +0 pair of gloves (worn)
Jewellery
 a - an amulet of the acrobat (around neck)
 d - a ring of ice
 p - a ring of see invisible (left hand)
Scrolls
 m - 4 scrolls of identify
Potions
 e - a potion of attraction
 f - 3 potions of might
 g - 2 potions of curing
 h - 4 potions of lignification
 o - a potion of haste

Dungeon Overview and Level Annotations

Branches:
Dungeon (8/15)             Temple (0/1) D:6
   Lair: D:8-11

Altars:
Fedhas
Makhleb
Okawaru

Shops:
D:7 !(?*[

Annotations:
D:7 1 runed translucent door, qw's ghost, amateur GrHu
D:8 4 runed translucent doors


Message History

You kill the yak!
Okawaru accepts your kill.
Your base Armour skill increases to level 4!
You shoot an arrow. The arrow hits the yak!
The arrow burns the yak.
The yak is moderately wounded.
The yak gores you but does no damage. The yak completely misses you.
The yak gores you but does no damage.
You shoot an arrow. The arrow hits the yak.
The arrow burns the yak.
The yak is heavily wounded.
The yak misses you. The yak gores you but does no damage.
The yak closely misses you. The yak completely misses you.
You shoot an arrow.
The arrow hits the yak but does no damage.
The yak is heavily wounded.
The yak closely misses you. The yak gores you! The yak barely misses you.
The yak gores you.
You shoot an arrow. The arrow hits the yak!
The arrow burns the yak.
The yak is severely wounded.
You shoot an arrow. The arrow hits the yak.
The arrow burns the yak.
The yak is almost dead.
The yak gores you but does no damage. The yak closely misses you. x2
The yak misses you.
You shoot an arrow. The arrow hits the yak!
The arrow burns the yak.
You kill the yak!
Okawaru accepts your kill. The yak closely misses you.
The yak completely misses you. The yak misses you.
You shoot an arrow.
The arrow hits the yak but does no damage.
The yak closely misses you. The yak misses you.
The yak gores you but does no damage.
You shoot an arrow. The arrow hits the yak.
The arrow burns the yak.
The yak is moderately wounded.
You shoot an arrow. The arrow hits the yak!
The arrow burns the yak.
The yak is heavily wounded.
The yak gores you but does no damage. The yak gores you. x2
You shoot an arrow.
The arrow hits the yak but does no damage.
The yak is heavily wounded.
The yak gores you but does no damage. The yak gores you!
You die...

# # ## .# .#
.# ##### .##
##...### ..##
###......###
...##
##...####Y@%#
#...###..###
##YY...#
##......##
##.......
##....##
.......
#....#
...###.
##....# .###
##.....## ##
........#
...###...#


You could see 3 yaks.

Vanquished Creatures
  A two-headed ogre (D:8)
  Grinder (D:3)
  A wyvern (D:7)
  3 yaks (D:8)
  Edmund (D:4)
  3 water moccasins
  Duvessa (D:3)
  A sky beast (D:8)
  4 black bears
  An orc warrior (D:4)
  3 ice beasts
  2 kobold brigands (D:7)
  3 bullfrogs
  A gnoll sergeant (D:5)
  5 scorpions
  Dowan (D:3)
  5 killer bees (D:7)
  An electric eel (D:8)
  2 howler monkeys
  4 orc priests
  2 jellies
  A gnoll bouda (D:7)
  Jessica (D:2)
  4 iguanas
  9 orc wizards
  Terence (D:3)
  8 gnolls
  13 adders
  2 shadow imps (D:5)
  2 worms (D:2)
  2 dart slugs (D:3)
  20 orcs
  3 endoplasms
  3 giant cockroaches
  8 goblins
  7 hobgoblins
  4 quokkas
  15 ball pythons
  6 bats
  A frilled lizard (D:3)
  19 kobolds
  2 rats
177 creatures vanquished.

Notes
Turn   | Place    | Note
-------+----------+-------------------------------------------
     0 | D:1      | qw the Gargoyle Hunter began the quest for the Orb.
     0 | D:1      | Reached XP level 1. HP: 12/12 MP: 1/1
     0 | D:1      | 0 ||| qw: Version: 0.2-a-29-gc1b59c4
     0 | D:1      | 0 ||| qw: Game counter: 4641
     0 | D:1      | 0 ||| qw: Always use a shield: true
     0 | D:1      | 0 ||| qw: God list: Okawaru
     0 | D:1      | 0 ||| qw: Allow faded altars: false
     0 | D:1      | 0 ||| qw: Do Orc after D:15 true
     0 | D:1      | 0 ||| qw: Do second Lair branch before Depths: true
     0 | D:1      | 0 ||| qw: Lair rune preference: random
     0 | D:1      | 0 ||| qw: Plans: Normal, Zot:1-4, Slime:5, God:TSO, Crypt,
                  | Tomb, Abyss, Pan, Hells, Win
     0 | D:1      | 0 ||| PLANNING D:1-11
   388 | D:1      | Reached XP level 2. HP: 17/17 MP: 2/2
   734 | D:1      | 734 ||| READING scroll labelled RYSKOP GITHAAGAM.
   735 | D:1      | 735 ||| DROPPING scroll of butterflies.
   819 | D:2      | Reached XP level 3. HP: 21/21 MP: 3/3
   830 | D:2      | Reached skill level 5 in Ranged Weapons
   910 | D:2      | Noticed Jessica
   914 | D:2      | Killed Jessica
   915 | D:2      | Reached skill level 3 in Fighting
   915 | D:2      | Reached XP level 4. HP: 24/28 MP: 4/4
   943 | D:2      | 943 ||| FLEEEEING.
  1142 | D:2      | Found an iron altar of Okawaru.
  1143 | D:2      | 1143 ||| PLANNING OKAWARU WORSHIP
  1143 | D:2      | 1143 ||| READING scroll labelled JOCKIF CODEMUNU.
  1144 | D:2      | 1144 ||| DRINKING 2 green potions.
  1145 | D:2      | 1145 ||| DRINKING 2 blue potions.
  1187 | D:2      | Became a worshipper of Warmaster Okawaru
  1187 | D:2      | 1187 ||| PLANNING D:1-11
  1263 | D:2      | Reached XP level 5. HP: 30/32 MP: 5/5
  1569 | D:2      | 1569 ||| UPGRADING to +0 ring mail.
  1579 | D:2      | 1579 ||| DROPPING +0 leather armour.
  1580 | D:2      | 1580 ||| READING scroll labelled CIORAM RECKOPTEID.
  1580 | D:2      | Identified a scroll of acquirement
  1580 | D:2      | 1580 ||| ACQUIRING amulet of the acrobat
  1580 | D:2      | Acquired an amulet of the acrobat
  1582 | D:2      | 1582 ||| UPGRADING to amulet of the acrobat.
  1622 | D:3      | 1622 ||| STAIRDANCE
  1686 | D:3      | Noticed Grinder
  1698 | D:3      | Killed Grinder
  1698 | D:3      | Reached * piety under Okawaru
  1699 | D:3      | Reached skill level 7 in Ranged Weapons
  1699 | D:3      | Reached XP level 6. HP: 24/37 MP: 6/6
  1769 | D:3      | Noticed Terence
  1770 | D:3      | 1770 ||| INVOKING Heroism.
  1778 | D:3      | Killed Terence
  1979 | D:3      | Found a burning altar of Makhleb.
  2067 | D:3      | Reached skill level 1 in Invocations
  2233 | D:3      | 2233 ||| UPGRADING to +0 pair of gloves.
  2238 | D:3      | 2238 ||| READING scroll labelled MICA ASUCHASS.
  2239 | D:3      | 2239 ||| READING scroll labelled AMETICOBEETT.
  2240 | D:3      | 2240 ||| DRINKING 2 pink potions.
  2241 | D:3      | 2241 ||| DROPPING potion of degeneration.
  2275 | D:4      | Noticed Duvessa
  2275 | D:4      | Noticed Dowan
  2276 | D:4      | 2276 ||| INVOKING Heroism.
  2284 | D:4      | 2284 ||| STAIRDANCE
  2290 | D:3      | 2290 ||| INVOKING Heroism.
  2292 | D:3      | Killed Duvessa
  2293 | D:3      | Reached XP level 7. HP: 12/43 MP: 3/8
  2295 | D:3      | Killed Dowan
  2414 | D:3      | 2414 ||| UPGRADING to +0 robe of willpower.
  2697 | D:4      | Noticed Edmund
  2698 | D:4      | 2698 ||| INVOKING Heroism.
  2719 | D:4      | Killed Edmund
  2720 | D:4      | Reached skill level 3 in Invocations
  2753 | D:4      | 2753 ||| INVOKING Heroism.
  2779 | D:4      | 2779 ||| INVOKING Heroism.
  2792 | D:4      | Reached XP level 8. HP: 19/48 MP: 8/11
  2966 | D:4      | Reached skill level 8 in Ranged Weapons
  3067 | D:4      | 3067 ||| Stepping ~*~*~tactically~*~*~ (outnumbered).
  3119 | D:4      | 3119 ||| INVOKING Heroism.
  3311 | D:4      | 3311 ||| UPGRADING to ring of see invisible.
  3312 | D:4      | 3312 ||| READING scroll labelled YNTOAW BARRUSM.
  3313 | D:4      | 3313 ||| READING scroll labelled TUEMON MAMAATWON.
  3314 | D:4      | 3314 ||| READING scroll labelled ETULIS JEGI.
  3315 | D:4      | 3315 ||| DRINKING 2 grey potions.
  3322 | D:5      | Entered Level 5 of the Dungeon
  3325 | D:5      | 3325 ||| INVOKING Heroism.
  3347 | D:5      | 3347 ||| STAIRDANCE
  3349 | D:4      | 3349 ||| INVOKING Heroism.
  3349 | D:4      | HP: 9/50 [orc priest/divine providence (11)]
  3355 | D:4      | HP: 5/50 [orc/+3 short sword of protection (2)]
  3356 | D:4      | HP: 1/50 [orc/+3 short sword of protection (4)]
  3553 | D:5      | 3553 ||| Stepping ~*~*~tactically~*~*~ (outnumbered).
  3560 | D:5      | 3560 ||| INVOKING Heroism.
  3666 | D:5      | Reached skill level 9 in Ranged Weapons
  3764 | D:5      | 3764 ||| INVOKING Heroism.
  3771 | D:5      | Reached skill level 6 in Fighting
  3777 | D:5      | Reached XP level 9. HP: 39/56 MP: 10/12
  3837 | D:5      | 3837 ||| Stepping ~*~*~tactically~*~*~ (outnumbered).
  3838 | D:5      | 3838 ||| INVOKING Heroism.
  3891 | D:5      | 3891 ||| INVOKING Heroism.
  4137 | D:5      | 4137 ||| DROPPING +0 sling of flaming.
  4286 | D:5      | 4286 ||| READING scroll labelled LOHI NEZAL.
  4287 | D:5      | 4287 ||| READING 2 scrolls of identify.
  4287 | D:5      | 4287 ||| IDENTIFYING emerald potion
  4288 | D:5      | 4288 ||| DROPPING potion of berserk rage.
  4366 | D:6      | 4366 ||| INVOKING Heroism.
  4374 | D:6      | Reached skill level 10 in Ranged Weapons
  4480 | D:6      | 4480 ||| INVOKING Heroism.
  4513 | D:6      | 4513 ||| INVOKING Heroism.
  4564 | D:6      | Reached skill level 3 in Dodging
  4678 | D:6      | 4678 ||| INVOKING Heroism.
  4806 | D:6      | Found a staircase to the Ecumenical Temple.
  4808 | D:6      | 4808 ||| UPGRADING to +0 ring mail of willpower.
  4818 | D:6      | 4818 ||| DROPPING +0 robe of willpower.
  4819 | D:6      | 4819 ||| DROPPING +0 ring mail.
  4820 | D:6      | 4820 ||| UPGRADING to scarf of repulsion.
  4825 | D:6      | 4825 ||| DRINKING 3 smoky orange potions.
  4826 | D:6      | 4826 ||| DRINKING 2 lumpy puce potions.
  4827 | D:6      | 4827 ||| DRINKING 2 fizzy red potions.
  4828 | D:6      | 4828 ||| DRINKING 2 potions of curing.
  4828 | D:6      | 4828 ||| (to cure confusion)
  4829 | D:6      | 4829 ||| READING 2 scrolls of identify.
  4829 | D:6      | 4829 ||| IDENTIFYING brown potion
  4830 | D:6      | 4830 ||| DROPPING 2 potions of enlightenment.
  4831 | D:6      | 4831 ||| DROPPING potion of brilliance.
  4832 | D:6      | 4832 ||| DROPPING potion of ambrosia.
  4918 | D:7      | 4918 ||| Stepping ~*~*~tactically~*~*~ (outnumbered).
  4942 | D:7      | 4942 ||| INVOKING Heroism.
  5103 | D:7      | Found Ciaqiext's Assorted Antiques.
  5105 | D:7      | Found a runed translucent door.
  5110 | D:7      | 5110 ||| BUYING potion of curing (75 gold).
  5110 | D:7      | Bought a potion of curing for 75 gold pieces
  5110 | D:7      | 5110 ||| BUYING twisted wooden ring (125 gold).
  5110 | D:7      | Bought a twisted wooden ring for 125 gold pieces
  5117 | D:7      | Found Foceis's Magic Scroll Shop.
  5117 | D:7      | Found Vynulonk's Weapon Boutique.
  5128 | D:7      | Reached skill level 11 in Ranged Weapons
  5139 | D:7      | Reached ** piety under Okawaru
  5140 | D:7      | Reached skill level 3 in Armour
  5196 | D:7      | 5196 ||| BUYING scroll of enchant weapon (97 gold).
  5196 | D:7      | Bought a scroll of enchant weapon for 97 gold pieces
  5196 | D:7      | 5196 ||| BUYING scroll of identify (26 gold).
  5196 | D:7      | Bought a scroll of identify for 26 gold pieces
  5196 | D:7      | 5196 ||| BUYING scroll of identify (26 gold).
  5196 | D:7      | Bought a scroll of identify for 26 gold pieces
  5196 | D:7      | 5196 ||| BUYING scroll of identify (26 gold).
  5196 | D:7      | Bought a scroll of identify for 26 gold pieces
  5196 | D:7      | 5196 ||| SHOPLISTING scroll of identify (26 gold, have 3).
  5196 | D:7      | 5196 ||| SHOPLISTING scroll of teleportation (39 gold, have
                  | 3).
  5196 | D:7      | 5196 ||| READING scroll of enchant weapon.
  5196 | D:7      | 5196 ||| ENCHANTING +1 shortbow of flaming.
  5207 | D:7      | Identified the +1 hand axe "Fovicseq" {chaos, Int+3}
  5214 | D:7      | Noticed qw's ghost (amateur GrHu)
  5264 | D:7      | Found Qadosch's Armour Boutique.
  5267 | D:7      | 5267 ||| SHOPLISTING +0 helmet (63 gold, have 3).
  5267 | D:7      | 5267 ||| SHOPLISTING +2 helmet (231 gold, have 3).
  5267 | D:7      | 5267 ||| SHOPLISTING +2 pair of gloves of dexterity (301
                  | gold, have 3).
  5412 | D:7      | 5412 ||| INVOKING Heroism.
  5432 | D:7      | Reached XP level 10. HP: 47/64 MP: 13/13
  5604 | D:7      | Found Quroessu's Distillery.
  5612 | D:7      | 5612 ||| SHOPLISTING potion of cancellation (96 gold, have
                  | 26).
  5612 | D:7      | 5612 ||| SHOPLISTING potion of heal wounds (60 gold, have
                  | 26).
  5612 | D:7      | 5612 ||| SHOPLISTING potion of might (48 gold, have 26).
  5612 | D:7      | 5612 ||| SHOPLISTING potion of resistance (120 gold, have
                  | 26).
  5863 | D:7      | 5863 ||| UPGRADING to +0 helmet.
  5868 | D:7      | 5868 ||| READING scroll labelled BECOOR EKHOETIT.
  5869 | D:7      | 5869 ||| READING scroll labelled KARARYXIDOT.
  5924 | D:7      | 5924 ||| READING 5 scrolls of identify.
  5924 | D:7      | 5924 ||| IDENTIFYING bubbling amethyst potion
  5967 | D:8      | Found an iron altar of Okawaru.
  5970 | D:8      | Found a blossoming altar of Fedhas.
  5983 | D:8      | 5983 ||| INVOKING Heroism.
  6015 | D:8      | Found a huge runed translucent gate.
  6034 | D:8      | Noticed a two-headed ogre
  6035 | D:8      | 6035 ||| INVOKING Heroism.
  6040 | D:8      | Killed a two-headed ogre
  6069 | D:8      | 6069 ||| READING scroll of enchant weapon.
  6069 | D:8      | 6069 ||| ENCHANTING +2 shortbow of flaming.
  6130 | D:8      | Found a huge runed translucent gate.
  6132 | D:8      | Found a huge runed translucent gate.
  6134 | D:8      | Found a huge runed translucent gate.
  6204 | D:8      | Reached skill level 12 in Ranged Weapons
  6471 | D:8      | 6471 ||| INVOKING Heroism.
  6473 | D:8      | HP: 16/64 [yak (7)]
  6474 | D:8      | 6474 ||| DRINKING potion of heal wounds.
  6479 | D:8      | HP: 14/64 [yak (13)]
  6485 | D:8      | HP: 9/64 [yak (1)]
  6485 | D:8      | HP: 3/64 [yak (6)]
  6486 | D:8      | Mangled by a yak

Levels and vault maps discovered:
D:1:      arrival_zaba_pyramid, layout_loops_ring, minivault_23, minivault_14
D:2:      minmay_evil_eye, layout_loops_cross, basic_altar,
          minmay_snake_closets, uniq_jessica
D:3:      layout_rooms, lemuel_round_altar, serial_rivers,
          chequers_serial_rivers_large_a, chequers_serial_rivers_micro_a,
          chequers_serial_rivers_room_b, chequers_serial_rivers_micro_a,
          chequers_serial_rivers_micro_e, st_stairs_14,
          amcnicky_mini_corridor_feature, grunt_ministairs_2,
          uniq_crazy_yiuf_cottage, uniq_grinder, uniq_terence
D:4:      cheibrodos_barr_body, layout_cave_pools, uniq_edmund, uniq_duvessa
D:5:      layout_cave_pools
D:6:      layout_cave_pools, minmay_temple_entry_purple_smoke, st_stairs_7
D:7:      layout_basic, gammafunk_ghost_grave, serial_shops,
          nicolae_square_shop, shop, shop, nicolae_shop_real_fake_doors, shop,
          st_stairs_12
D:8:      lemuel_bear_cage, layout_layer_cave, nicolae_overflow_squiral

Skill      XL: |  1  2  3  4  5  6  7  8  9 10 |
---------------+-------------------------------+-----
Ranged Weapons | 5 7 9 11 12 | 12.1
Fighting       | 3 4 6 7 8 |  8.0
Armour         | 2 3 4 |  4.2
Invocations    | 2 4 |  4.2
Dodging        | 2 3 |  3.0
Stealth        | |  1.1

Action                     |  1- 3 |  4- 6 |  7- 9 | 10-12 || total
---------------------------+-------+-------+-------+-------++-------
   Fire: Shortbow          |    70 |   118 |   453 |    65 ||   706
 Invoke: Heroism           |       |     3 |    16 |     3 ||    22
    Use: Scroll            |     1 |     4 |     7 |     4 ||    16
         Potion            |       |     3 |     5 |     1 ||     9
 Armour: Leather armour    |    13 |     4 |       |       ||    17
         Ring mail         |       |    24 |    47 |    18 ||    89
         Robe              |       |       |    53 |       ||    53
  Dodge: Dodged            |    18 |    38 |   189 |    34 ||   279
         Repelled          |       |       |       |     1 ||     1

Table legend:
 A = Non-vault XP
 B = Vault XP
 C = Vault XP percentage of total XP
 D = Non-vault monster count
 E = Vault monster count
 F = Vault count percentage of total count
                 A         B        C        D         E       F
            +---------+---------+-------+---------+---------+-------
      Total |    5410 |    1235 |  18.6 |     140 |      37 |  20.9
            +---------+---------+-------+---------+---------+-------
        D:1 |      15 |       0 |   0.0 |      10 |       0 |   0.0
        D:2 |     120 |     118 |  49.6 |      15 |      15 |  50.0
        D:3 |      42 |     537 |  92.7 |       8 |       8 |  50.0
        D:4 |     426 |     367 |  46.3 |      27 |      12 |  30.8
        D:5 |     995 |       0 |   0.0 |      28 |       0 |   0.0
        D:6 |     766 |       3 |   0.4 |      10 |       1 |   9.1
        D:7 |    1193 |     210 |  15.0 |      31 |       1 |   3.1
        D:8 |    1853 |       0 |   0.0 |      11 |       0 |   0.0
            +---------+---------+-------+---------+---------+-------
